Map: Eternal Empire LE

Players

xSaintApocx - Winner!

  • Race: Terran Terran
  • League: Silver
  • Spawn Location: 1:00

kungfu

  • Race: Terran Terran
  • League: Silver
  • Spawn Location: 7:00

VOD

Have the link to the VOD?

Description

Time

  • Played on: Nov. 27, 2019, 1:52 a.m.
  • Length: 20:17
Show
View Real Time Build Order
Export as new Build Order

xSaintApocx Terran - Winner!

Build Orders:  

Get SALT Encoding   

  12  0:01  SCV  
  13  0:13  SCV  
  14  0:20  Supply Depot  
  14  0:29  Supply Depot  
  14  0:37  Supply Depot  
  14  0:52  Barracks  
  14  0:57  SCV  
  15  1:29  SCV  
  16  1:41  SCV  
  16  1:43  Command Center  
  17  1:51  Engineering Bay  
  17  1:53  SCV  
  18  2:01  Marine  
  19  2:06  SCV  
  20  2:16  Refinery  
  20  2:18  Marine  
  20  2:20  Refinery  
  21  2:33  SCV  
  21  2:35  Refinery  
  21  2:36  Refinery  
  22  2:45  SCV  
  23  2:57  SCV x2  
  25  3:09  SCV  
  26  3:14  SCV  
  27  3:21  SCV  
  28  3:30  Supply Depot  
  28  3:31  Supply Depot  
  28  3:33  Supply Depot, SCV  
  29  3:36  Factory  
  29  3:45  SCV  
  30  3:54  Supply Depot  
  30  3:57  SCV  
  31  4:09  SCV  
  32  4:10  Marine  
  33  4:21  SCV  
  34  4:24  Planetary Fortress  
  34  4:26  Factory Tech Lab  
  34  4:28  Marine  
  35  4:34  SCV  
  36  4:38  Armory  
  36  4:41  Armory  
  36  4:45  Starport  
  36  4:46  SCV  
  36  4:47  Marine  
  38  4:58  Planetary Fortress  
  38  5:04  Marine  
  39  5:18  Factory Tech Lab  
  39  5:32  Missile Turret  
  39  5:33  Fusion Core  
  39  5:36  Missile Turret  
  39  5:39  Missile Turret  
  39  5:43  SCV  
  39  5:44  Missile Turret  
  39  5:46  Marine  
  41  5:55  SCV  
  41  6:04  Marine  
  41  6:07  SCV  
  41  6:19  SCV  
  42  6:28  Terran Ship Weapons Level 1, Terran Vehicle And Ship Armor Level 1, Supply Depot  
  42  6:37  Starport  
  42  6:40  Starport  
  42  6:42  Weapon Refit  
  42  6:45  SCV  
  43  6:57  SCV  
  43  6:59  Battlecruiser  
  50  7:10  SCV  
  51  7:17  Starport Tech Lab  
  51  7:22  SCV  
  52  7:23  Battlecruiser  
  58  7:34  SCV  
  58  7:35  Supply Depot  
  59  7:38  Supply Depot  
  59  7:40  Supply Depot  
  59  7:43  Supply Depot  
  59  7:46  SCV  
  60  7:54  Battlecruiser  
  66  9:27  Battlecruiser  
  66  9:28  Battlecruiser x2  
  84  9:35  Terran Vehicle And Ship Armor Level 2  
  84  9:52  Terran Ship Weapons Level 2  
  84  10:13  Command Center  
  84  10:32  Missile Turret  
  84  10:33  Refinery  
  84  10:35  Battlecruiser, Refinery  
  96  10:50  Battlecruiser  
  96  10:54  Missile Turret  
  96  11:05  Supply Depot  
  96  11:07  Supply Depot x2  
  96  11:25  Planetary Fortress  
  96  11:30  Supply Depot  
  96  11:31  Supply Depot x2  
  96  11:48  Battlecruiser  
  102  11:56  Terran Vehicle And Ship Armor Level 3  
  102  12:20  Terran Ship Weapons Level 3  
  102  12:37  Command Center  
  102  12:44  Battlecruiser  
  108  12:52  Battlecruiser  
  114  12:59  Supply Depot x2  
  114  13:01  Supply Depot  
  114  13:02  Supply Depot  
  114  13:03  Supply Depot  
  114  13:15  Battlecruiser  
  120  13:34  Starport x2  
  120  13:41  Starport  
  108  14:40  Starport Tech Lab x3  
  102  16:22  Battlecruiser x3  
  120  16:30  Battlecruiser x3  
  132  17:26  Battlecruiser x2  
  144  17:34  Battlecruiser  
  150  17:43  Planetary Fortress  
  150  17:52  Refinery  
  150  17:55  Refinery  
  150  19:07  Battlecruiser  
  150  19:08  Battlecruiser x3  
Show
View Real Time Build Order
Export as new Build Order

kungfu Terran 

Build Orders: Banshee Rush 

Get SALT Encoding   

  12  0:01  SCV  
  13  0:13  SCV  
  14  0:18  Supply Depot  
  14  0:25  SCV  
  15  0:34  Refinery  
  15  0:39  SCV  
  16  0:46  Barracks  
  16  0:51  SCV  
  17  1:03  SCV  
  18  1:16  SCV  
  19  1:37  Orbital Command  
  19  1:46  Factory  
  19  1:48  Refinery  
  19  1:54  Marine  
  20  2:06  Supply Depot, SCV  
  21  2:12  Marine  
  22  2:18  SCV  
  23  2:30  SCV  
  23  2:31  Starport, Factory Tech Lab  
  24  2:40  Barracks Reactor  
  24  2:43  SCV  
  25  2:45  Supply Depot  
  25  2:50  Barracks  
  25  2:56  SCV  
  26  3:08  Factory Tech Lab  
  26  3:11  Engineering Bay  
  26  3:18  Cloaking Field  
  26  3:20  Banshee  
  29  3:33  Siege Tank  
  32  3:39  Barracks Tech Lab  
  32  3:40  Marine  
  32  3:41  Marine  
  34  3:44  SCV  
  35  3:55  Missile Turret  
  35  4:03  Banshee  
  38  4:13  Supply Depot  
  38  4:15  Stimpack  
  38  4:17  Missile Turret  
  38  4:23  SCV  
  39  4:35  SCV  
  40  4:41  Missile Turret  
  40  4:46  Marine x2  
  42  5:00  Command Center  
  42  5:03  Medivac  
  42  5:04  Marine x2  
  46  5:15  Supply Depot  
  46  5:21  Marine  
  47  5:36  Medivac, Marine  
  47  5:39  Supply Depot  
  47  5:41  Marine  
  51  5:54  Combat Shield, Marine  
  52  5:58  Marine  
  50  6:22  Orbital Command  
  47  6:29  Missile Turret  
  47  6:31  Siege Tank  
  50  6:40  Factory  
  50  6:48  Missile Turret  
  50  6:50  Missile Turret  
  50  6:51  SCV x2  
  52  7:03  Siege Tank, SCV x2  
  57  7:11  Missile Turret  
  57  7:15  SCV  
  58  7:25  Missile Turret  
  58  7:41  Factory Tech Lab  
  58  7:43  Barracks  
  58  7:45  Siege Tank  
  61  7:57  Fusion Core  
  61  8:02  Armory x2  
  61  8:21  Marine, Marauder  
  61  8:22  Marine  
  65  8:31  Barracks  
  65  8:33  Barracks Reactor  
  65  8:34  Starport  
  65  8:39  Marine x2  
  67  8:42  Marauder  
  66  8:57  Marine x2  
  64  9:04  Marauder  
  64  9:09  Starport  
  61  9:14  Refinery x2  
  61  9:15  Marine x2  
  56  9:21  Starport Reactor  
  56  9:25  Marauder  
  56  9:26  Missile Turret  
  58  9:33  Terran Ship Weapons Level 1  
  58  9:42  Command Center  
  58  9:45  SCV x2  
  60  9:46  Marine  
  60  9:47  Missile Turret  
  61  9:57  Barracks Reactor, SCV x2  
  61  9:59  Starport Reactor  
  63  10:06  Terran Vehicle And Ship Armor Level 1, Supply Depot  
  63  10:09  SCV  
  64  10:17  SCV  
  65  10:21  SCV  
  66  10:29  Supply Depot, SCV  
  66  10:33  SCV  
  68  10:38  Starport  
  68  10:41  Engineering Bay  
  68  10:47  Viking  
  68  10:48  Viking x4  
  78  10:52  SCV x2  
  80  10:58  Orbital Command  
  80  11:01  Missile Turret  
  80  11:04  SCV x2  
  80  11:09  Missile Turret  
  82  11:16  SCV x2  
  84  11:20  Starport Reactor  
  84  11:23  Terran Infantry Weapons Level 1  
  84  11:25  Terran Infantry Armor Level 1  
  84  11:28  Missile Turret, SCV  
  84  11:29  Supply Depot  
  84  11:31  Terran Ship Weapons Level 2  
  85  11:42  SCV  
  85  11:43  SCV x2  
  88  11:50  Refinery  
  88  11:51  Supply Depot  
  88  11:54  SCV  
  88  11:55  SCV x2  
  91  12:07  Viking x2, SCV  
  91  12:08  Viking x3  
  102  12:17  Refinery  
  102  12:21  Terran Vehicle And Ship Armor Level 2  
  102  12:29  SCV  
  103  12:34  SCV x2  
  105  12:42  SCV  
  106  12:46  SCV x2  
  108  12:53  Starport  
  108  12:56  Starport  
  108  13:05  Supply Depot  
  108  13:17  Hi-Sec Auto Tracking  
  108  13:26  Command Center  
  108  13:28  Command Center  
  108  13:32  Supply Depot  
  108  13:41  Missile Turret  
  108  13:42  Missile Turret  
  108  13:46  Missile Turret  
  108  13:55  Supply Depot  
  108  14:03  Missile Turret  
  108  14:04  Missile Turret  
  106  14:12  Viking  
  106  14:13  Viking x5  
  106  14:16  Missile Turret  
  89  14:27  Missile Turret  
  89  14:31  Missile Turret  
  80  14:36  Missile Turret  
  75  14:42  Viking  
  75  14:43  Viking x2  
  125  14:45  Viking  
  87  14:51  Missile Turret  
  85  14:57  Missile Turret  
  85  14:59  Missile Turret  
  81  15:00  Missile Turret x2  
  81  15:01  Missile Turret x2  
  81  15:04  Missile Turret  
  81  15:05  Missile Turret x2  
  81  15:07  Missile Turret  
  81  15:08  Missile Turret x2  
  81  15:11  Missile Turret  
  79  15:14  Missile Turret  
  68  15:31  Factory  
  38  16:01  Factory  
  35  16:10  SCV x2  
  34  16:15  Starport Reactor  
  30  16:19  Starport Reactor  
  30  16:22  SCV x2  
  18  16:34  SCV x2  
  18  16:39  Starport  
  13  16:46  Starport, SCV x2  
  15  16:57  Viking x5  
  15  16:58  SCV  
  25  17:14  Factory Tech Lab  
  25  17:17  Engineering Bay  
  24  17:55  Starport Tech Lab, Barracks  
  24  17:57  Starport Reactor  
  24  18:28  SCV  
  26  18:42  Barracks  
  26  18:44  Orbital Command  
  26  18:48  Siege Tank  
  29  18:51  Planetary Fortress  
  28  19:09  Viking  
  30  19:26  Viking  
  32  19:40  SCV  
  33  19:52  SCV  
  37  20:04  SCV  
Tags
 
Add a new tag
Caveats
  • Supply blocks, unpowered buildings, or Contaminate may cause inaccurate times.
  • Supply counts are checked every 10 seconds.